 Dungeon Crawl Stone Soup version 0.31-a0-354-g827e0957a7 (webtiles) character file.

Game seed: 14420164820938946585

264 Shard1697 the Ruffian (level 5, -8/38 (40) HPs)
             Began as a Draconian Shapeshifter on July 24, 2023.
             Mangled by Crazy Yiuf
             ... wielding a +4 quarterstaff of chaos
              (11 damage)
             ... on level 3 of the Dungeon.
             The game lasted 00:03:36 (2703 turns).

Shard1697 the Ruffian (Draconian Shapeshifter)      Turns: 2703, Time: 00:03:36

HP:   -8/38 (40)    AC:  5    Str: 17    XL:     5   Next: 98%
MP:   5/5           EV: 12    Int:  9    God:
Gold: 150           SH:  0    Dex: 13    Spells: 4/4 levels left

rFire   . . .        l - +2 short sword (elec)
rCold   + . .        (no shield)
rNeg    . . .        (body armour unavailable)
rPois   .            (helmet currently unavailable)
rElec   .            (cloak currently unavailable)
rCorr   .            (gloves currently unavailable)
SInv    .            (boots currently unavailable)
Will    .....        (no amulet)
Stlth   +            i - ring of protection from cold
HPRegen 0.26/turn    (no ring)
MPRegen 0.09/turn

%: no passive effects
@: lethally poisoned (-8 -> -22), beast-form, drained
A: beast (slay +2), AC +5, unfitting armour, cold-blooded
a: Begin Untransformation


You were on level 3 of the Dungeon.
You were a hulking beast.
You visited 1 branch of the dungeon, and saw 5 of its levels.

You collected 150 gold pieces.

Inventory:

Hand Weapons
 l - a +2 short sword of electrocution (weapon)
Missiles
 e - 2 throwing nets
Armour
 c - a +0 pair of boots
Jewellery
 i - a ring of protection from cold (left hand)
Talismans
 b - a beast talisman
Wands
 f - a wand of mindburst (15)
 k - a wand of roots (13)
Scrolls
 d - 2 scrolls of teleportation
 p - a scroll of butterflies
Potions
 a - a potion of lignification
 h - 2 potions of enlightenment


   Skills:
 - Level 1.1 Fighting
 - Level 1.7 Dodging
 + Level 6.7 Unarmed Combat
 - Level 3.0 Shapeshifting


You had 4 spell levels left.
You didn't know any spells.
Your spell library was empty.

Dungeon Overview and Level Annotations

Branches:
Dungeon (5/15)
 Temple: D:4-7

Altars:
Elyvilon
The Shining One

Annotations:
D:3 Crazy Yiuf


Innate Abilities, Weirdness & Mutations

You are a hulking beast.
Your limbs bulge with bestial killing power. (Slay +2)
Your plain brown scales are hard. (AC +5)
You cannot fit into any form of body armour.
You are cold-blooded and may be slowed by cold attacks.


Message History

Found a glowing golden altar of the Shining One.
You see here a jackal corpse.
There is a stone staircase leading down here.
There is an open door here.
You open the door.
There is an open door here.
You open the door.
There is an open door here.
There is an open door here.
Key pressed, stopping explore.
Found a hammer.
Found a runed translucent door.
Crazy Yiuf shouts!
Crazy Yiuf laughs, "Scoff horse illywillydillykilly!"
Crazy Yiuf cries, "Ghoul!"
Okay, then.
You open the door. You barely miss Crazy Yiuf. You tail-slap Crazy Yiuf.
Your punch misses Crazy Yiuf.
Crazy Yiuf is lightly wounded.
Crazy Yiuf cries, "Papa ena song!"
Crazy Yiuf hits you with a +4 quarterstaff of chaos!
You are lethally poisoned!
Okay, then.
You hit Crazy Yiuf.
Crazy Yiuf is moderately wounded.
You feel extremely sick.
Crazy Yiuf hits you with a +4 quarterstaff of chaos.
You feel drained.
You barely miss Crazy Yiuf.
Crazy Yiuf is moderately wounded.
* * * LOW HITPOINT WARNING * * *
You feel very sick.
Crazy Yiuf cries, "Iron ena cloud!"
Crazy Yiuf closely misses you.
You closely miss Crazy Yiuf.
Crazy Yiuf is moderately wounded.
* * * LOW HITPOINT WARNING * * *
You feel very sick.
Crazy Yiuf hits you with a +4 quarterstaff of chaos!
You die...

#.#
#........#####.# #
#.#
#######..#####.# #
#.# #........#####
#.# ###########...
##.# #.##
#..##♣♣♣♣♣ ###
##.## #.#....♣.♣♣♣
### #.####...#
##.......♣..♣#...#
#.'.......
##.......♣♣♣♣hg...#
#.####...#
#.##....♣♣ ♣♣#..)#
### ##.## ##.####♣♣
### #... ##.## #...
##.# ##.. #.# ###
##. #.# #.# #. #.#
##.## #. ##.#####
##...## #.


You could see Crazy Yiuf.

Vanquished Creatures
  A scorpion (D:5)
  A jelly (D:3)
  A hound (D:4)
  An iguana (D:4)
  2 adders (D:2)
  2 gnolls (D:4)
  A shadow imp (D:4)
  A white imp (D:5)
  A dart slug (D:5)
  8 ball pythons
  6 bats
  4 endoplasms
  3 giant cockroaches
  5 goblins
  4 hobgoblins
  7 jackals (D:3)
  5 kobolds
  2 quokkas
  5 frilled lizards
  5 rats
65 creatures vanquished.

Notes
Turn   | Place    | Note
-------+----------+-------------------------------------------
     0 | D:1      | Shard1697 the Draconian Shapeshifter began the quest for
                  | the Orb.
     0 | D:1      | Reached XP level 1. HP: 16/16 MP: 1/1
   160 | D:1      | Reached XP level 2. HP: 23/23 MP: 2/2
   486 | D:1      | Reached skill level 4 in Unarmed Combat
   649 | D:2      | Found a faded altar of an unknown god.
   838 | D:2      | Reached XP level 3. HP: 28/28 MP: 3/3
  1614 | D:3      | Reached skill level 5 in Unarmed Combat
  1614 | D:3      | Reached XP level 4. HP: 29/35 MP: 4/4
  1821 | D:3      | Found a white marble altar of Elyvilon.
  1912 | D:3      | You fall into a shaft and drop 2 floors!
  1912 | D:5      | Entered Level 5 of the Dungeon
  1924 | D:5      | Noticed a scorpion
  1946 | D:5      | Killed a scorpion
  1947 | D:5      | Reached skill level 6 in Unarmed Combat
  1947 | D:5      | Reached XP level 5. HP: 22/40 MP: 5/5
  2019 | D:5      | Noticed a phantom
  2061 | D:5      | Noticed an ice beast
  2505 | D:3      | Found a glowing golden altar of the Shining One.
  2695 | D:3      | Found a runed translucent door.
  2696 | D:3      | Noticed Crazy Yiuf
  2703 | D:3      | Mangled by Crazy Yiuf

Illustrated notes

Levels and vault maps discovered:
D:1:      mrwooster_arrival_statue_2, layout_basic
D:2:      layout_loops_ring, shapermc_ecumenical_altar_flowoftime
D:3:      layout_loops_corners, marbit_many_paths, elyvilon_altar_3,
          uniq_crazy_yiuf_cottage, uniq_ijyb
D:4:      layout_cave_pods, amcnicky_altar_gilded, mainiacjoe_overflow_catwalk,
          minmay_temple_entry_statues, serial_shops, shop, minmay_unequal,
          uniq_natasha, uniq_duvessa
D:5:      layout_rooms, chequers_serial_rivers_micro_b, nicolae_letterblocks
          [nicolae_letter_subblock, nicolae_letter_subblock,
          nicolae_letter_subblock, nicolae_letter_subblock,
          nicolae_letter_subblock, nicolae_letter_subblock,
          nicolae_letter_subblock, nicolae_letter_subblock,
          nicolae_letter_subblock, nicolae_letter_subblock,
          nicolae_letter_subblock, nicolae_letter_subblock,
          nicolae_letter_subblock, nicolae_letter_subblock,
          nicolae_letter_subblock, nicolae_letter_subblock,
          nicolae_letter_subblock, nicolae_letter_subblock,
          nicolae_letter_subblock, nicolae_letter_subblock,
          nicolae_letter_subblock, nicolae_letter_subblock,
          nicolae_letter_subblock, nicolae_letter_subblock,
          nicolae_letter_subblock]

Skill      XL: |  1  2  3  4 |
---------------+-------------+-----
Unarmed Combat | 4 5 6 |  6.7
Fighting       | |  1.1
Dodging        | |  1.7
Shapeshifting  | |  3.0

Action                     |  1- 3 |  4- 6 || total
---------------------------+-------+-------++-------
  Melee: Unarmed           |    73 |       ||    73
         Tailslap          |     9 |     7 ||    16
         Punch             |     1 |       ||     1
         Short sword       |    36 |    67 ||   103
    Use: Scroll            |       |     9 ||     9
         Potion            |       |     1 ||     1
 Armour: Skin              |    38 |    19 ||    57
  Dodge: Dodged            |    51 |    27 ||    78

Table legend: (Time is in decaauts)
 A = Elapsed time spent in this place.
 B = Non-inter-level travel time spent in this place.
 C = Inter-level travel time spent in this place.
 D = Time resting spent in this place.
 E = Time spent auto-exploring this place.
 F = Levels seen in this place.
 G = Mean time per level.
                   A        B        C        D        E       F      G
               +--------+--------+--------+--------+--------+-----+--------+
         Total |   2678 |   2645 |     33 |    276 |   1862 |   5 |  535.6 |
       Dungeon |   2678 |   2645 |     33 |    276 |   1862 |   5 |  535.6 |
               +--------+--------+--------+--------+--------+-----+--------+

Top non-repeatable levels by time:
     D:3: 809 daAuts
     D:2: 797 daAuts
     D:1: 606 daAuts
     D:4: 326 daAuts
     D:5: 138 daAuts
